 Dungeon Crawl Stone Soup version 0.28-a0-537-g3bccd9ccbf (webtiles) character file.

Game seed: 5709976038224989294

158 FilthyApe the Cudgeller (level 5, -2/45 HPs)
             Began as a Minotaur Fighter on Sept 27, 2021.
             Killed by divine providence
             ... invoked by an orc priest
              (10 damage)
             ... on level 4 of the Dungeon.
             The game lasted 00:02:02 (2880 turns).

FilthyApe the Cudgeller (Minotaur Fighter)          Turns: 2880, Time: 00:02:03

Health: -2/45      AC: 10    Str: 21    XL:     5   Next: 16%
Magic:  4/4        EV:  9    Int:  5    God:
Gold:   96         SH:  4    Dex: 10    Spells: 4/4 levels left

rFire   . . .      SeeInvis .   a - +1 flail
rCold   + . .      Faith    .   c - +0 buckler
rNeg    . . .      Spirit   .   b - +0 scale mail
rPois   .          Reflect  .   (helmet restricted)
rElec   .          Harm     .   (no cloak)
rCorr   .          Rampage  .   g - +1 pair of gloves
Will    .....                   l - +0 pair of boots
Stlth   ..........              (no amulet)
HPRegen 0.15/turn               n - ring of protection from cold
MPRegen 0.09/turn               (no ring)

@: mighty
A: horns 2, retaliatory headbutt
a: no special abilities


You were on level 4 of the Dungeon.
You visited 1 branch of the dungeon, and saw 4 of its levels.

You collected 96 gold pieces.

Inventory:

Hand Weapons
 a - a +1 flail (weapon)
Armour
 b - a +0 scale mail (worn)
 c - a +0 buckler (worn)
 g - a +1 pair of gloves (worn)
 l - a +0 pair of boots (worn)
Jewellery
 n - a ring of protection from cold (left hand)
Scrolls
 e - 2 scrolls of enchant armour
 f - 2 scrolls of identify {unknown}
 m - a scroll of immolation {unknown}
Potions
 d - a potion of might
 h - a potion of mutation {unknown}
 i - 3 potions of heal wounds {unknown}
 j - a potion of attraction {unknown}
 k - a potion of ambrosia {unknown}


   Skills:
 - Level 3.6 Fighting
 + Level 6.6 Maces & Flails
 - Level 3.6 Armour
 - Level 3.6 Shields


You had 4 spell levels left.
You didn't know any spells.
Your spell library was empty.

Dungeon Overview and Level Annotations

Branches:
Dungeon (4/15)
 Temple: D:4-7

Altars:
Elyvilon
Kikubaaqudgha
Nemelex Xobeh
Uskayaw
Vehumet

Annotations:
D:4 Natasha


Innate Abilities, Weirdness & Mutations

You have a pair of horns on your head.
You reflexively headbutt those who attack you in melee.


Message History

The endoplasm hits you but does no damage.
Natasha, Servant of Life and Death comes into view.
You're too confused to move!
Natasha hisses angrily.
The orc hits you with a +0 flail.
* * * LOW HITPOINT WARNING * * *
The endoplasm hits you but does no damage.
You hear some strange, mumbled words.
A puff of flame appears from out of thin air!
The puff of flame hits you but does no damage.
You thump the endoplasm!
You kill the endoplasm!
An iguana comes into view.
Natasha howls an incantation.
Natasha's front paws start to glow.
Unknown command.
Unknown command.
Unknown command.
You feel very mighty all of a sudden. The orc hits you but does no damage.
The orc hits you with a +0 flail.
* * * LOW HITPOINT WARNING * * *
Something hits you but does no damage.
Unknown command.
You're too confused to move!
You feel less confused. The orc barely misses you.
The orc hits you but does no damage. Something hits you but does no damage.
You hit the orc. Your headbutt misses the orc.
The orc is heavily wounded.
The orc hits you with a +0 hand axe.
* * * LOW HITPOINT WARNING * * *
The orc barely misses you. You furiously retaliate!
You headbutt the orc!!
You kill the orc!
The orc barely misses you. Something hits you but does no damage.
The orc hits you but does no damage.
You barely miss the orc.
The orc is heavily wounded.
The orc priest calls down the wrath of Beogh upon you.
Beogh smites you!
You die...

.... .......
##...........
..P.........
#.........
#._.#....
#...#.l# #
######.PJ.o.# ...
.......oo.##.....
.......)@oh...#
.........####.#
.. ###.#...# ...
##..#..##
...###.....##
..........>#
.......#..####
........†....#
........####...#


You could see an iguana, an orc priest, Natasha, 3 orcs and an endoplasm.

Vanquished Creatures
  A hound (D:4)
  An orc priest (D:3)
  3 adders (D:2)
  An adder skeleton (D:4)
  2 dart slugs
  7 orcs
  3 ball pythons
  4 bats
  7 endoplasms
  A giant cockroach (D:3)
  4 goblins
  4 hobgoblins
  4 kobolds
  3 quokkas
  2 frilled lizards (D:2)
  6 rats
53 creatures vanquished.

Notes
Turn   | Place    | Note
-------+----------+-------------------------------------------
     0 | D:1      | FilthyApe the Minotaur Fighter began the quest for the Orb.
     0 | D:1      | Reached XP level 1. HP: 19/19 MP: 0/0
   152 | D:1      | Reached skill level 3 in Maces & Flails
   332 | D:1      | Reached XP level 2. HP: 19/26 MP: 1/1
  1068 | D:2      | Reached skill level 4 in Maces & Flails
  1068 | D:2      | Reached XP level 3. HP: 31/31 MP: 2/2
  1765 | D:2      | Reached skill level 5 in Maces & Flails
  1973 | D:3      | Reached XP level 4. HP: 22/39 MP: 3/3
  2272 | D:3      | Found a radiant altar of Vehumet.
  2276 | D:3      | Found a hide-covered altar of Uskayaw.
  2276 | D:3      | Found an ancient bone altar of Kikubaaqudgha.
  2277 | D:3      | Found a sparkling altar of Nemelex Xobeh.
  2398 | D:3      | Reached skill level 6 in Maces & Flails
  2771 | D:3      | Found a faded altar of an unknown god.
  2842 | D:4      | Reached XP level 5. HP: 42/45 MP: 4/4
  2866 | D:4      | Found a white marble altar of Elyvilon.
  2874 | D:4      | Noticed Natasha
  2880 | D:4      | Killed from afar by an orc priest

Illustrated notes

Levels and vault maps discovered:
D:1:      saegor_arrival_simple_a, layout_loops_ring, hex_medium
D:2:      layout_loops_ring, serial_park_tiny_1, minmay_liquid_box
D:3:      layout_basic, chequers_temple_overflow_statue_of_worship,
          hellmonk_ecumenical_altar_inner_sanctum
D:4:      layout_rooms, mainiacjoe_overflow_tiny_flanked, serial_shops, shop,
          kennysheep_generic_room_14, uniq_natasha

Skill      XL: |  1  2  3  4 |
---------------+-------------+-----
Maces & Flails | 3 4 5 6 |  6.6
Fighting       | |  3.6
Armour         | |  3.6
Shields        | |  3.6

Action                   |  1- 3 |  4- 6 || total
-------------------------+-------+-------++-------
Melee: Flail             |    80 |    41 ||   121
       Headbutt          |    17 |     5 ||    22
  Use: Scroll            |     2 |       ||     2
       Potion            |       |     1 ||     1
Armor: Scale mail        |    44 |    26 ||    70
Dodge: Dodged            |    38 |    23 ||    61
Block: Buckler           |    19 |    11 ||    30

Table legend: (Time is in decaauts)
 A = Elapsed time spent in this place.
 B = Non-inter-level travel time spent in this place.
 C = Inter-level travel time spent in this place.
 D = Time resting spent in this place.
 E = Time spent auto-exploring this place.
 F = Levels seen in this place.
 G = Mean time per level.
                   A        B        C        D        E       F      G
               +--------+--------+--------+--------+--------+-----+--------+
         Total |   2905 |   2827 |     78 |    313 |   2159 |   4 |  726.2 |
       Dungeon |   2905 |   2827 |     78 |    313 |   2159 |   4 |  726.2 |
               +--------+--------+--------+--------+--------+-----+--------+

Top non-repeatable levels by time:
     D:2: 1138 daAuts
     D:1: 976 daAuts
     D:3: 739 daAuts
     D:4: 51 daAuts
